 Dungeon Crawl Stone Soup version 0.26-a0-952-g76694b35de (webtiles) character file.

Game seed: 6062453129187286159

206276 marklar909 the Grappler (level 18, -5/191 HPs)
             Began as a Troll Warper on Nov 29, 2020.
             Was a High Priest of Elyvilon.
             Slain by a spark wasp (7 damage)
             ... on level 4 of the Spider Nest on Nov 30, 2020.
             The game lasted 01:36:41 (40023 turns).

marklar909 the Grappler (Troll Warper)             Turns: 40023, Time: 01:36:41

Health: -5/191     AC: 16    Str: 23 (24) XL:     18   Next: 6%
Magic:  0/24       EV:  9    Int:  9      God:    Elyvilon [*****.]
Gold:   1057       SH:  0    Dex: 15      Spells: 9/23 levels left

rFire    . . .     SeeInvis .     - Unarmed
rCold    . . .     Faith    .   Q - +2 kite shield
rNeg     . . .     Spirit   .   f - +0 acid dragon scales
rPois    +         Reflect  +   J - +2 hat
rElec    .         Harm     .   H - +2 cloak
rCorr    +         Rampage  .   (gloves unavailable)
MR       ++...                  (boots unavailable)
Stlth    +.........             K - amulet of reflection
HPRegen  0.81/turn              U - ring of poison resistance
MPRegen  0.19/turn              p - ring of protection from magic

@: confused, held
A: large, unfitting armour, claws 3, regeneration 1, robust 1, shaggy fur 1,
tough skin 3
}: 1/15 runes: barnacled
a: Lesser Healing, Heal Other, Purification, Greater Healing, Divine Vigour,
Divine Protection, Renounce Religion


You were on level 4 of the Spider Nest.
You worshipped Elyvilon.
Elyvilon was extremely pleased with you.
You visited 5 branches of the dungeon, and saw 31 of its levels.
You also visited: Ossuary.

You collected 3329 gold pieces.
You spent 2272 gold pieces at shops.

Inventory:

Missiles
 v - 25 large rocks
 F - 50 silver javelins
 P - 16 javelins (quivered)
Armour
 f - +0 acid dragon scales (worn)
 H - a +2 cloak (worn)
 J - a +2 hat (worn)
 Q - a +2 kite shield (worn)
 S - the +2 robe of Vines {NoPotionHeal Regen+7}
   (You bought it in a shop on level 3 of the Shoals)

   It increases your rate of regeneration.
Jewellery
 j - a +4 ring of evasion
 p - a ring of protection from magic (right claw)
 w - a +4 ring of protection
 z - an uncursed ring of stealth {unknown}
 I - a +4 ring of slaying {unknown}
 K - an amulet of reflection (around neck)
 T - an uncursed ring of magical power
 U - a ring of poison resistance (left claw)
 V - an uncursed ring of see invisible
 W - a +4 ring of evasion
Wands
 e - a wand of acid (25)
 y - a wand of polymorph (18)
 B - a wand of flame (11)
 N - a wand of paralysis (11)
 R - a wand of iceblast (9)
 X - a wand of digging (13)
Scrolls
 a - 4 scrolls of fog
 b - 9 scrolls of teleportation
 c - 2 scrolls of blinking
 h - 10 scrolls of identify
 i - 17 scrolls of remove curse
 k - a scroll of summoning
 l - 14 scrolls of magic mapping
 r - a scroll of enchant armour
 u - a scroll of holy word
 x - 2 scrolls of fear
 Y - 4 scrolls of amnesia
Potions
 d - 6 potions of cancellation
 g - 3 potions of ambrosia
 n - 9 potions of lignification
 o - 2 potions of attraction
 q - 2 potions of might
 s - 8 potions of flight
 t - 3 potions of invisibility
 A - 4 potions of magic
 C - 6 potions of heal wounds
 D - 8 potions of curing
 E - 3 potions of haste
 G - a potion of mutation
 L - 3 potions of resistance
 M - 3 potions of brilliance
Miscellaneous
 m - a lightning rod (inert)
 O - a phantom mirror


   Skills:
 * Level 10.0 Fighting
 * Level 13.2 Throwing
 + Level 6.1 Armour
 * Level 12.1 Dodging
 + Level 1.0 Stealth
 * Level 8.6 Shields
 + Level 14.6 Unarmed Combat
 + Level 3.0 Spellcasting
 + Level 3.3 Translocations
 * Level 4.6 Transmutations
 * Level 5.4 Earth Magic
 + Level 10.2 Invocations
 + Level 0.1 Evocations


You had 9 spell levels left.
You knew the following spells:

 Your Spells              Type           Power        Failure   Level
a - Blink                 Tloc           N/A          16%         2
b - Lesser Beckoning      Tloc           #.........   30%         3
c - Teleport Other        Tloc           #.......     30%         3
d - Statue Form           Tmut/Erth      ##.......    100%        6

Your spell library contained the following spells:

 Spells                   Type           Power        Failure   Level
 Sandblast                Erth           ##....       4%          1
 Passwall                 Tmut/Erth      ##......     8%          2
 Sting                    Tmut/Pois      #...         16%         1
 Gell's Gravitas          Tloc           #.........   30%         3
 Foxfire                  Conj/Fire      #...         36%         1
 Shock                    Conj/Air       #...         36%         1
 Summon Small Mammal      Summ           #...         36%         1
 Stone Arrow              Conj/Erth      #.....       36%         3
 Petrify                  Tmut/Erth      ##......     45%         4
 Call Imp                 Summ           #.......     52%         2
 Poisonous Vapours        Pois/Air       #.....       52%         2
 Swiftness                Air            #.......     52%         2
 Ignite Poison            Fire/Tmut/Pois #.......     54%         3
 Passage of Golubria      Tloc           N/A          69%         4
 Call Canine Familiar     Summ           #.......     75%         3
 Conjure Flame            Conj/Fire      #.......     75%         3
 Inner Flame              Hex/Fire       #.......     75%         3
 Mephitic Cloud           Conj/Pois/Air  #.......     75%         3
 Static Discharge         Conj/Air       #.......     75%         3
 Summon Guardian Golem    Hex/Summ       #.......     75%         3
 Lee's Rapid Deconstruct  Erth           ##........   75%         5
 Airstrike                Air            #.........   98%         4
 Cause Fear               Hex            #.........   98%         4
 Olgreb's Toxic Radiance  Pois           #.......     98%         4
 Sticky Flame             Conj/Fire      #.......     98%         4
 Summon Ice Beast         Ice/Summ       #.......     98%         4
 Summon Lightning Spire   Summ/Air       #.......     98%         4
 Irradiate                Conj/Tmut      #.........   99%         5
 Yara's Violent Unravell  Hex/Tmut       #.........   99%         5
 Fireball                 Conj/Fire      #.........   100%        5
 Lightning Bolt           Conj/Air       #.........   100%        5
 Silence                  Hex/Air        #.........   100%        5
 Hydra Form               Tmut           #.........   100%        6
 Dragon Form              Tmut           #.........   100%        7
 Discord                  Hex            #.........   100%        8


Dungeon Overview and Level Annotations

Branches:
Dungeon (15/15)            Temple (0/1) D:7            Lair (6/6) D:8
 Shoals (4/4) Lair:2       Spider (4/4) Lair:3        Slime (0/5) Lair:6
    Orc (2/2) D:12            Elf (0/3) Orc:2        Vaults (0/5) D:14
 Depths (0/5) D:15        Ossuary (visited)

Altars:
Elyvilon
Makhleb
Nemelex Xobeh
Okawaru
Ru
Sif Muna
Uskayaw
Yredelemnul
Beogh

Shops:
D:4 *   D:10 =   D:12 (   D:15 !   Orc:2 (:[*   Shoals:1 :   Shoals:3 *[![
Shoals:4 *

Annotations:
D:11 exclusion: obsidian statue
D:15 2 transporters, SafestHooves's ghost, journeyman CeMo
Shoals:3 Kirke


Innate Abilities, Weirdness & Mutations

You are too large for most types of armour.
You have claws for hands.
Your natural rate of healing is unusually fast.
You are covered in fur. (AC +1)
You have extremely tough skin. (AC +3)
You are robust. (+10% HP)


Message History

You struggle to detach yourself from the web.
The tarantella hisses angrily.
The tarantella bites you but does no damage.
The spark wasp stings you!!
* * * LOW HITPOINT WARNING * * *
The spark wasp shocks you!
* * * LOW HITPOINT WARNING * * *
Something hits you but does no damage. x2; Something stings you.
* * * LOW HITPOINT WARNING * * *
The jumping spider pounces on you but does no damage.
The jumping spider barely misses you. The tarantella barely misses you.
The spark wasp stings you!
* * * LOW HITPOINT WARNING * * *
The spark wasp shocks you!
* * * LOW HITPOINT WARNING * * *
The jumping spider pounces on you.
* * * LOW HITPOINT WARNING * * *
You are even more entangled.
The jumping spider misses you. The spark wasp stings you!
You die...

#....≈#^....≈#≈.....#
#..
##^...^#....^^#.....≈#
###
#............≈^......#
##...^.^^†............#
#.^....#.....^#.......##
#.....^#s^.^.^#^.......#
#......#.^^...#(.......#
#......#.^ss^^#^...#####
####...#..@.†.#^.###
##^≈#..yy^^#.##
#.#......### ###^...^##
#.#.#.^# #.....≈##
#.....s≈# #.......##
#......^.#


You could see 2 spark wasps, an orb spider, a jumping spider and 2 tarantellas.

Vanquished Creatures
  Mara (Spider:3)
  A kraken (Shoals:1)
  Polyphemus (Shoals:2)
  Ilsuiw (Shoals:1)
  2 orc warlords (Orc:2)
  Aizul (Spider:3)
  An emperor scorpion (Spider:4)
  3 entropy weavers
  A dire elephant (Lair:6)
  Snorg (Lair:5)
  2 spark wasps
  4 merfolk javelineers
  5 boulder beetles
  11 hydras
  2 fire dragons
  2 ice dragons
  A catoblepas (Shoals:2)
  5 centaur warriors
  3 merfolk aquamancers
  5 merfolk avatars
  8 two-headed ogres
  3 satyrs (Shoals:4)
  A tengu warrior (D:14)
  2 alligator snapping turtles
  3 death yaks (Shoals:2)
  3 orc high priests
  4 skeletal warriors (D:15)
  8 sea snakes
  4 unseen horrors
  A wizard (D:14)
  A swamp dragon (Lair:6)
  8 harpies
  4 orc knights
  21 wolf spiders
  3 deep elf magi
  19 orb spiders
  A lindwurm (Lair:5)
  2 necromancers
  6 cyclopes
  2 oklob plants (Lair:1)
  22 fauns
  8 ugly things
  5 orc sorcerers
  9 manticores
  2 moths of wrath
  12 elephants
  4 black mambas
  Maurice (D:11)
  Psyche (D:11)
  9 merfolk sirens
  A torpor snail (Spider:1)
  6 water nymphs
  4 centaur skeletons
  2 gargoyles
  5 cane toads
  2 efreet (D:13)
  9 komodo dragons
  5 rime drakes (Lair:6)
  6 demonic crawlers
  3 kobold demonologists
  11 trolls
  16 merfolk
  3 wind drakes (Shoals:4)
  A queen bee (D:11)
  13 polar bears
  7 hornets
  30 jumping spiders
  11 blink frogs
  6 snapping turtles
  3 slime creatures
  7 shadows
  29 tarantellas
  5 vampires
  2 wraiths
  61 redbacks
  4 water elementals
  A yak (shapeshifter) (D:10)
  62 yaks
  6 wyverns
  3 hogs (Shoals:3)
  4 basilisks
  9 vampire mosquitoes
  7 wargs
  3 acid dragons
  6 water moccasins
  16 hell hounds (Lair:6)
  40 orc warriors
  3 swamp drakes (Lair:6)
  3 ice beasts
  9 ogres
  3 sky beasts
  17 black bears
  4 phantoms
  28 wolves
  23 centaurs
  5 big kobolds
  14 bullfrogs
  2 water moccasin zombies
  2 troll zombies (D:12)
  7 scorpions
  2 water moccasin skeletons
  34 killer bees
  8 electric eels
  6 howler monkeys
  15 wights
  2 quasits (D:7)
  4 centaur zombies
  2 bullfrog skeletons
  8 hounds
  3 jellies
  29 orc wizards
  35 orc priests
  7 iguanas
  13 worker ants
  6 hell rats
  5 polar bear simulacra (Lair:4)
  4 yak simulacra (Lair:4)
  4 big kobold zombies (Ossuary)
  6 ogre zombies (D:12)
  2 hound skeletons
  2 mummies (Ossuary)
  A howler monkey skeleton (D:2)
  13 gnolls
  21 adders
  3 white imps
  An ufetubus (D:7)
  2 oozes
  11 adder zombies
  2 worms (D:3)
  2 leopard geckos
  90 orcs
  6 bats
  5 giant cockroaches
  4 gnoll zombies
  4 hobgoblins
  5 jackals
  25 kobolds
  4 quokkas
  A ball python (D:4)
  4 frilled lizards
  5 goblins
  A goblin skeleton (D:12)
  3 goblin zombies
  5 hobgoblin skeletons (D:12)
  3 hobgoblin zombies (Ossuary)
  2 jackal skeletons (D:4)
  4 kobold zombies
  A leopard gecko skeleton (D:6)
  A leopard gecko zombie (D:7)
  An orc skeleton (D:12)
  28 orc zombies
  10 rats
  2 river rat simulacra (Lair:4)
  3 tentacles (Shoals:1)
1229 creatures vanquished.

Vanquished Creatures (collateral kills)
  A butterfly (Lair:6)
1 creature vanquished.

Vanquished Creatures (others)
  A merfolk javelineer (Shoals:4)
  A merfolk impaler (Shoals:4)
  A hornet (D:8)
  A redback (Spider:3)
  A vampire (D:13)
  A hell hound (Lair:6)
  An ice beast (D:8)
  A sky beast (D:9)
  A wolf (Lair:6)
  An orc wizard (D:14)
  46 fungi
  312 plants
  3 tentacles (Shoals:1)
371 creatures vanquished.

Grand Total: 1601 creatures vanquished

Notes
Turn   | Place    | Note
-------+----------+-------------------------------------------
     0 | D:1      | marklar909 the Troll Warper began the quest for the Orb.
     0 | D:1      | Reached XP level 1. HP: 19/19 MP: 1/1
   354 | D:1      | Reached XP level 2. HP: 27/27 MP: 3/3
   774 | D:2      | Noticed a sky beast
   786 | D:2      | Reached XP level 3. HP: 20/33 MP: 4/4
   864 | D:1      | Killed a sky beast
   865 | D:1      | Reached skill level 3 in Unarmed Combat
   865 | D:1      | Reached XP level 4. HP: 32/42 MP: 5/5
  1024 | D:2      | Reached XP level 5. HP: 49/49 MP: 6/6
  1330 | D:3      | Reached skill level 1 in Throwing
  1345 | D:3      | Learned a level 2 spell: Blink
  1349 | D:3      | Learned a level 3 spell: Lesser Beckoning
  2219 | D:4      | Found Elusina's Elemental Accessories.
  2263 | D:4      | HP: 2/49 [orc wizard/magic dart (5)]
  2275 | D:5      | Entered Level 5 of the Dungeon
  2289 | D:5      | Reached XP level 6. HP: 13/57 MP: 7/7
  2690 | D:5      | Found a hide-covered altar of Uskayaw.
  2964 | D:5      | Noticed an ice beast
  2970 | D:5      | Killed an ice beast
  2971 | D:5      | Reached XP level 7. HP: 57/66 MP: 7/9
  3322 | D:4      | Reached skill level 4 in Unarmed Combat
  3702 | D:4      | Found a basalt altar of Yredelemnul.
  3952 | D:4      | Found a white marble altar of Elyvilon.
  3996 | D:4      | Became a worshipper of Elyvilon the Healer
  4007 | D:4      | Learned a level 3 spell: Teleport Other
  4372 | D:6      | Reached XP level 8. HP: 74/74 MP: 10/10
  4381 | D:6      | Reached skill level 1 in Invocations
  4512 | D:6      | Reached * piety under Elyvilon
  4540 | D:6      | Found a sand-covered staircase.
  4574 | Ossuary  | Entered an ossuary
  4752 | Ossuary  | Reached skill level 5 in Unarmed Combat
  5038 | D:6      | Got a glittering copper ring
  5183 | D:7      | Identified the ring of Bonead {+Fly rC- Int+6 Slay-3
                  | Stlth+} (You found it on level 6 of the Dungeon)
  5274 | D:7      | Found a staircase to the Ecumenical Temple.
  5353 | D:7      | HP: 2/75 [orc priest/divine providence (7)]
  5639 | D:7      | Reached skill level 5 in Throwing
  5656 | D:7      | Reached skill level 5 in Dodging
  5659 | D:7      | Reached skill level 6 in Unarmed Combat
  5664 | D:7      | Reached XP level 9. HP: 37/83 MP: 11/11
  5812 | D:7      | Found an iron altar of Okawaru.
  5859 | D:7      | Reached ** piety under Elyvilon
  6239 | D:8      | Noticed a troll
  6249 | D:8      | Paralysed by a hornet for 2 turns
  6276 | D:8      | Killed a troll
  6327 | D:8      | Reached skill level 7 in Unarmed Combat
  6670 | D:8      | Found a staircase to the Lair.
  6908 | D:8      | Noticed a two-headed ogre
  6910 | D:8      | Reached XP level 10. HP: 93/93 MP: 12/12
  6930 | D:8      | Killed a two-headed ogre
  7322 | D:8      | Found a shimmering blue altar of Sif Muna.
  7506 | D:9      | Noticed a cyclops
  7522 | D:9      | Killed a cyclops
  7523 | D:9      | Reached skill level 8 in Unarmed Combat
  7592 | D:9      | Noticed a two-headed ogre
  7602 | D:9      | Killed a two-headed ogre
  7791 | D:9      | Reached *** piety under Elyvilon
  7797 | D:9      | Noticed a cyclops
  7816 | D:9      | Killed a cyclops
  8521 | D:9      | Noticed a gargoyle
  8539 | D:9      | Killed a gargoyle
  8540 | D:9      | Reached skill level 5 in Fighting
  8645 | D:10     | Entered Level 10 of the Dungeon
  8785 | D:10     | Reached **** piety under Elyvilon
  8803 | D:10     | Found Bily's Jewellery Emporium.
  8812 | D:10     | Reached skill level 9 in Unarmed Combat
  8910 | D:10     | Reached XP level 11. HP: 94/102 MP: 13/13
  9344 | D:10     | Noticed a two-headed ogre
  9352 | D:10     | Killed a two-headed ogre
  9590 | D:11     | Noticed a two-headed ogre
  9597 | D:10     | Killed a two-headed ogre
  9648 | D:10     | Reached skill level 5 in Invocations
  9709 | D:11     | Noticed a two-headed ogre
  9715 | D:11     | Killed a two-headed ogre
  9774 | D:11     | Noticed an eight-headed hydra
  9780 | D:11     | Killed an eight-headed hydra
  9781 | D:11     | Reached skill level 10 in Unarmed Combat
 10225 | Lair:1   | Entered Level 1 of the Lair of Beasts
 10371 | Lair:1   | Reached skill level 1 in Armour
 10442 | Lair:1   | Noticed a four-headed hydra
 10449 | Lair:1   | Killed a seven-headed hydra
 10552 | Lair:1   | Got a bound silver ring
 10636 | Lair:1   | Paralysed by a hornet for 1 turns
 10691 | Lair:1   | Paralysed by a hornet for 1 turns
 10743 | Lair:1   | Noticed a wolf spider
 10751 | Lair:1   | Reached XP level 12. HP: 91/113 MP: 15/15
 11046 | Lair:1   | Noticed a seven-headed hydra
 11060 | Lair:1   | Killed a seven-headed hydra
 11579 | Lair:2   | Reached ***** piety under Elyvilon
 11652 | Lair:2   | Identified a ring "Xitulet" {rElec rF+ rC- MR+ Dex+6} (You
                  | found it on level 1 of the Lair of Beasts)
 11688 | Lair:2   | Found a burning altar of Makhleb.
 11935 | Lair:2   | Found a staircase to the Shoals.
 12257 | Lair:3   | Found a hole to the Spider Nest.
 12343 | Lair:3   | Noticed a six-headed hydra
 12349 | Lair:3   | Killed a seven-headed hydra
 12420 | Lair:3   | Noticed a six-headed hydra
 12830 | Lair:3   | Killed a six-headed hydra
 12831 | Lair:3   | Reached skill level 11 in Unarmed Combat
 13793 | Lair:4   | Reached XP level 13. HP: 106/123 MP: 16/16
 14117 | Lair:4   | Reached skill level 10 in Throwing
 14288 | Lair:4   | Reached ****** piety under Elyvilon
 15091 | Lair:5   | Noticed Snorg
 15142 | Lair:5   | Killed Snorg
 15262 | Lair:5   | Found a sparkling altar of Nemelex Xobeh.
 16291 | Lair:6   | Entered Level 6 of the Lair of Beasts
 16499 | Lair:6   | Found a staircase to the Slime Pits.
 17044 | Lair:6   | Reached skill level 5 in Armour
 17281 | Lair:6   | Reached skill level 12 in Unarmed Combat
 17682 | Lair:6   | Noticed a dire elephant
 17703 | Lair:6   | Killed a dire elephant
 17707 | Lair:6   | Reached XP level 14. HP: 98/133 MP: 15/18
 17719 | Lair:6   | Reached skill level 10 in Dodging
 18932 | Lair:6   | Reached skill level 1 in Shields
 20114 | D:11     | Noticed Psyche
 20124 | D:11     | Killed Psyche
 20402 | D:11     | Noticed Maurice
 20418 | D:11     | Killed Maurice
 21042 | D:12     | Found Jiazef's Antique Weapon Shop.
 21238 | D:12     | Found a staircase to the Orcish Mines.
 21470 | D:12     | Found a sparkling altar of Nemelex Xobeh.
 21892 | Orc:1    | Entered Level 1 of the Orcish Mines
 21957 | Orc:1    | You fall into a shaft and drop 1 floor!
 21957 | Orc:2    | Entered Level 2 of the Orcish Mines
 21957 | Orc:2    | Noticed an orc warlord
 22233 | Orc:1    | Found a roughly hewn altar of Beogh.
 22377 | Orc:1    | Noticed an orc warlord
 22527 | Orc:2    | Killed an orc warlord
 23311 | Orc:2    | Found a staircase to the Elven Halls.
 23327 | Orc:2    | Found a roughly hewn altar of Beogh.
 23592 | Orc:1    | Reached skill level 13 in Unarmed Combat
 23711 | Orc:2    | Reached XP level 15. HP: 143/143 MP: 20/20
 23909 | Orc:2    | Killed an orc warlord
 24049 | Orc:2    | Found Jutalysorgh's Antique Armour Shop.
 24050 | Orc:2    | Found Faqof's Antique Weapon Boutique.
 24051 | Orc:2    | Found Nororat's General Store.
 24051 | Orc:2    | Found Waps's Book Shop.
 24055 | Orc:2    | Bought a potion of degeneration for 12 gold pieces
 24055 | Orc:2    | Bought a potion of resistance for 120 gold pieces
 24064 | Orc:2    | Bought a book of Transfigurations for 715 gold pieces
 24071 | Orc:2    | Learned a level 6 spell: Statue Form
 25142 | D:14     | Gained mutation: You are dopey. (Int -2) [a neqoxec]
 25147 | D:14     | Gained mutation: You are clumsy. (Dex -2) [a neqoxec]
 25317 | D:14     | Reached skill level 1 in Earth Magic
 25512 | D:14     | Reached skill level 1 in Transmutations
 26122 | D:14     | Found a gate to the Vaults.
 26152 | D:14     | Lost mutation: You are dopey. (Int -2) [potion of mutation]
 26152 | D:14     | Lost mutation: You are clumsy. (Dex -2) [potion of
                  | mutation]
 26152 | D:14     | Gained mutation: Your flesh is heat resistant. (rF+)
                  | [potion of mutation]
 26152 | D:14     | Lost mutation: Your flesh is heat resistant. (rF+) [potion
                  | of mutation]
 26152 | D:14     | Gained mutation: You are robust. (+10% HP) [potion of
                  | mutation]
 26185 | D:15     | Entered Level 15 of the Dungeon
 26185 | D:15     | Found Geaxt's Distillery.
 26252 | D:15     | Bought a potion of might for 60 gold pieces
 26315 | D:15     | Found a sacrificial altar of Ru.
 26404 | D:15     | Reached skill level 5 in Shields
 26501 | D:15     | Found a staircase to the Depths.
 26898 | D:15     | Found a burning altar of Makhleb.
 26993 | D:15     | Found a transporter.
 26994 | D:15     | Noticed a storm dragon
 27008 | D:15     | Noticed SafestHooves's ghost (journeyman CeMo)
 27014 | D:15     | Found a transporter.
 27383 | Shoals:1 | Entered Level 1 of the Shoals
 27526 | Shoals:1 | Reached XP level 16. HP: 168/169 MP: 21/21
 27528 | Shoals:1 | Found Ybiah's Book Shop.
 27841 | Shoals:1 | Noticed a kraken
 27858 | Shoals:1 | Killed a kraken
 28656 | Shoals:2 | Noticed Polyphemus
 28668 | Shoals:2 | Killed Polyphemus
 28669 | Shoals:2 | Reached skill level 1 in Stealth
 28798 | Shoals:2 | Noticed Ilsuiw
 29324 | Shoals:2 | HP: 7/171 [something (3)]
 30826 | D:10     | Bought an uncursed ring of see invisible for 165 gold
                  | pieces
 31174 | Shoals:1 | Killed Ilsuiw
 31622 | Shoals:3 | Found Errirer's Distillery.
 31628 | Shoals:3 | Noticed Kirke
 31680 | Shoals:3 | HP: 6/171 [harpy[Kirke] (8)]
 31680 | Shoals:3 | HP: 1/171 [hog[Kirke] (5)]
 31876 | Shoals:3 | Found Bun Guci's Antique Armour Boutique.
 31936 | Shoals:3 | Found Kigecah's Armour Shop.
 31974 | Shoals:3 | Bought the +2 robe of Vines {NoPotionHeal Regen+7} for 1200
                  | gold pieces
 31974 | Shoals:3 | Found the +2 robe of Vines {NoPotionHeal Regen+7}
 32029 | Shoals:3 | Found Uviseig's General Store.
 32194 | Shoals:4 | Entered Level 4 of the Shoals
 32201 | Shoals:4 | Reached skill level 14 in Unarmed Combat
 32874 | Shoals:4 | Got a barnacled rune of Zot
 33084 | Shoals:4 | Reached XP level 17. HP: 179/179 MP: 23/23
 33161 | Shoals:4 | Found Ceimpin's Commerce Corner.
 33561 | Spider:1 | Entered Level 1 of the Spider Nest
 35356 | Spider:2 | Reached skill level 10 in Invocations
 36167 | Spider:3 | Reached skill level 5 in Earth Magic
 36966 | Spider:3 | Noticed Aizul
 37016 | Spider:3 | Killed Aizul
 37443 | Spider:4 | Entered Level 4 of the Spider Nest
 38195 | Spider:4 | Noticed Mara
 38202 | Spider:4 | Noticed marklar909's illusion
 38226 | Spider:3 | Noticed marklar909's illusion
 38408 | Spider:3 | Noticed marklar909's illusion
 38638 | Spider:3 | Killed Mara
 39533 | Spider:3 | Reached skill level 10 in Fighting
 39538 | Spider:3 | Reached XP level 18. HP: 34/191 MP: 20/24
 40023 | Spider:4 | HP: 8/191 [spark wasp (13)]
 40023 | Spider:4 | HP: 2/191 [jumping spider (6)]
 40023 | Spider:4 | Slain by a spark wasp

Illustrated notes

Levels and vault maps discovered:
D:1:      dpeg_arrival_round_c, layout_basic, minmay_tetromino_l4
D:2:      layout_rooms, kennysheep_generic_room_13
D:3:      layout_loops_ring
D:4:      layout_cave_pools, kennysheep_ying_yang, nicolae_elemental_shop
D:5:      layout_loops_ring, overflow_temple_1_default, serial_aquarium,
          aquarium_bridge_straight [aquarium_subvault_bridge,
          aquarium_subvault_wall, aquarium_subvault_bridge,
          aquarium_subvault_window], aquarium_window_1, aquarium_window_fake,
          aquarium_window_1, aquarium_window_2, aquarium_view_2d,
          aquarium_view_2b
D:6:      layout_basic, serial_glass, glass_columns_a, glass_columns_c,
          glass_columns_c, glass_columns_b, glass_columns_c, glass_columns_b,
          enter_ossuary_3, roderic_roman_lattice
D:7:      layout_basic, minmay_temple_entry_mist, okawaru_gym_becter
D:8:      layout_loops_ring, lemuel_blue_sif_altar,
          nicolae_overflow_hidden_temple, erik_lair_island, st_stairs_9
D:9:      minmay_diamond_stairs, layout_irregular_city
D:10:     layout_loops_cross, serial_shops, nicolae_shop_stone
D:11:     regret_index_tunnel_blossom, layout_basic, minivault_15, uniq_maurice,
          uniq_psyche
D:12:     layout_loops_ring, zombieorc2_lemuel, basic_altar, serial_shops,
          nicolae_shop_window_shopping
D:13:     cheibrodos_fzero, layout_long_grid
D:14:     layout_cave_pools, david_vaults_4
D:15:     grunt_enter_depths_hoard, layout_loops_ring, serial_shops, shop,
          gammafunk_ghost_berserking_beasts, nicolae_ru_awakened_eye,
          basic_altar, serial_bayou_pond_d, due_unseen_surprise
Lair:1:   minmay_lair_venomous_thicket, layout_misc_corridors,
          minmay_lair_oklob_chamber
Lair:2:   layout_chaotic_city, minmay_shoals_entry_hut, basic_altar
Lair:3:   layout_chaotic_city, dummy_spider_entry, grunt_megastairs_4,
          infiniplex_staircase_pool, serial_bayou_shore_b
Lair:4:   layout_regular_city, eino_house_with_fridge
Lair:5:   layout_cave_pods, serial_rivers, chequers_serial_rivers_micro_b,
          chequers_serial_rivers_room_b, chequers_serial_rivers_micro_c,
          chequers_serial_rivers_micro_e, chequers_serial_rivers_marsh,
          basic_altar, uniq_snorg
Lair:6:   guppyfry_lair_end_dragon, layout_misc_corridors,
          hangedman_lair_caniforms_friends, minmay_slime_entry_pillars,
          serial_bayou_crossing, lemuel_fruit_fields
Shoals:1: layout_shoals, serial_shops,
          nicolae_shop_temple_entry_statues_fountains,
          nicolae_shoals_kraken_intersection
Shoals:2: layout_shoals, nicolae_shoals_dead_sea_scrolls, uniq_polyphemus,
          uniq_ilsuiw
Shoals:3: layout_shoals, serial_shops, shop_statue, nicolae_shop_behind_doors,
          shop, shop, uniq_kirke
Shoals:4: shoals_end_grunt_garden, layout_shoals, nicolae_alphabet_shops
Spider:1: layout_chambers
Spider:2: layout_spider_delve
Spider:3: layout_spider_delve, uniq_aizul
Spider:4: grunt_spider_rune_parallel, hive_lemuel, uniq_arachne, uniq_mara
Orc:1:    layout_caves, david_defended_altar_orc
Orc:2:    st_orc_congregation, layout_diamond_mine, basic_altar

Skill      XL: |  1  2  3  4  5  6  7  8  9 10 11 12 13 14 15 16 17 |
---------------+----------------------------------------------------+-----
Dodging        | 2 3 4 5 6 7 8 9 10 11 12 | 12.1
Unarmed Combat | 3 4 6 7 9 10 11 12 13 14 | 14.6
Fighting       | 2 3 4 5 6 7 8 9 10 | 10.0
Throwing       | 2 3 4 5 6 7 8 9 10 11 12 13 | 13.2
Translocations | 3 |  3.3
Spellcasting   | 2 3 |  3.0
Invocations    | 2 3 4 5 6 7 8 9 10 | 10.2
Armour         | 2 4 5 6 |  6.1
Shields        | 2 5 7 8 |  8.6
Earth Magic    | 2 4 5 |  5.4
Transmutations | 1 3 4 |  4.6
Stealth        | 1 |  1.0
Evocations     | |  0.1

Action                   |  1- 3 |  4- 6 |  7- 9 | 10-12 | 13-15 | 16-18 || total
-------------------------+-------+-------+-------+-------+-------+-------++-------
Melee: Unarmed           |    79 |   148 |   495 |   716 |  2180 |  1481 ||  5099
       Punch             |     2 |     1 |    11 |    47 |    72 |       ||   133
Throw: Dart              |       |    60 |    64 |   151 |   164 |       ||   439
       Boomerang         |       |     5 |    15 |    17 |   168 |   180 ||   385
       Large rock        |       |       |       |     6 |    22 |    24 ||    52
       Javelin           |       |       |       |       |       |    67 ||    67
 Cast: Blink             |       |     6 |     1 |       |       |     3 ||    10
Invok: Lesser Healing    |       |       |    10 |    11 |     7 |       ||    28
       Heal Other        |       |       |     2 |     1 |     2 |     2 ||     7
       Purification      |       |       |       |     2 |     2 |    10 ||    14
       Greater Healing   |       |       |       |     1 |    12 |    17 ||    30
Evoke: Lightning rod     |       |       |       |     5 |     3 |    12 ||    20
       Phantom mirror    |       |       |       |       |     1 |     1 ||     2
       Wand              |       |       |       |       |     3 |     1 ||     4
  Use: Potion            |       |     2 |       |       |     4 |    13 ||    19
       Scroll            |       |     1 |     9 |    15 |    13 |    12 ||    50
 Stab: Invisible         |       |       |       |       |     4 |       ||     4
       Distracted        |       |       |       |       |     1 |       ||     1
       Sleeping          |       |       |       |       |     1 |       ||     1
Armor: Robe              |    48 |    55 |   168 |    56 |       |    80 ||   407
       Acid dragon scale |       |       |       |   268 |   877 |   432 ||  1577
       Skin              |       |       |       |       |     7 |       ||     7
Dodge: Dodged            |    63 |   103 |   355 |   696 |  1923 |  1025 ||  4165
Block: Other             |       |       |       |       |   255 |     7 ||   262
       Kite shield       |       |       |       |       |   779 |  1553 ||  2332
       Reflection        |       |       |       |       |    42 |    66 ||   108

Table legend: (Time is in decaauts)
 A = Elapsed time spent in this place.
 B = Non-inter-level travel time spent in this place.
 C = Inter-level travel time spent in this place.
 D = Time resting spent in this place.
 E = Time spent auto-exploring this place.
 F = Levels seen in this place.
 G = Mean time per level.
                   A        B        C        D        E       F      G
               +--------+--------+--------+--------+--------+-----+--------+
         Total |  39565 |  36244 |   3321 |   4136 |  22699 |  32 | 1236.4 |
       Dungeon |  15274 |  14100 |   1174 |    772 |   9623 |  15 | 1018.3 |
          Lair |   9410 |   8519 |    891 |    646 |   6021 |   6 | 1568.3 |
        Shoals |   6154 |   5405 |    749 |   1086 |   2753 |   4 | 1538.5 |
   Spider Nest |   6266 |   5885 |    381 |   1287 |   3258 |   4 | 1566.5 |
  Orcish Mines |   2208 |   2084 |    124 |    344 |    930 |   2 | 1104.0 |
       Ossuary |    251 |    251 |      0 |      0 |    112 |   1 |  251.0 |
               +--------+--------+--------+--------+--------+-----+--------+

Top non-repeatable levels by time:
  Lair:6: 2365 daAuts
Shoals:1: 2355 daAuts
Spider:3: 2118 daAuts
Spider:2: 1902 daAuts
  Lair:5: 1814 daAuts
Shoals:2: 1780 daAuts
     D:8: 1676 daAuts
  Lair:4: 1492 daAuts
  Lair:3: 1351 daAuts
    D:10: 1319 daAuts
  Lair:1: 1281 daAuts
     D:9: 1216 daAuts
    D:11: 1207 daAuts
Spider:1: 1189 daAuts
   Orc:2: 1148 daAuts
